 Seeded DCSS version 0.30.1-11-g7821555f0a (webtiles) character file.

Game seed: 430007637681659361 (custom seed)

88 McKennaii the Conjurer (level 4, 33/33 HPs)
             Began as a Demigod Conjurer on Jan 13, 2024.
             Quit the game on level 2 of the Dungeon.
             The game lasted 00:02:09 (1680 turns).

McKennaii the Conjurer (Demigod Conjurer)           Turns: 1680, Time: 00:02:10

Health: 33/33      AC:  2    Str:  8    XL:     4   Next: 9%
Magic:  11/11      EV: 12    Int: 24    God:
Gold:   1347       SH:  0    Dex: 12    Spells: 6/9 levels left

rFire   . . .        h - +3 war axe
rCold   . . .        (no shield)
rNeg    . . .        a - +0 robe
rPois   .            (no helmet)
rElec   .            (no cloak)
rCorr   .            (no gloves)
SInv    .            (no boots)
Will    .....        (no amulet)
Stlth   ++           e - ring of flight
HPRegen 0.25/turn    (no ring)
MPRegen 0.12/turn

%: no passive effects
@: flying
A: high MP 1, forlorn, divine attributes
a: no special abilities


You were on level 2 of the Dungeon.
You visited 1 branch of the dungeon, and saw 2 of its levels.

You collected 1347 gold pieces.

Inventory:

Hand Weapons
 h - a +3 war axe (weapon)
Armour
 a - a +0 robe (worn)
 p - the +2 cloak "Fegievie" {+Inv rN+ Regen+ Int+2}
   (You acquired it on level 2 of the Dungeon)

   Int:       It affects your intelligence (+2).
   rN:        It protects you from negative energy.
   +Inv:      It lets you turn invisible.
   Regen:     It increases your rate of health regeneration.
Jewellery
 e - a ring of flight (left hand)
 q - the ring "Wiwioq" {+Blink rC- Str+6 Slay+5}
   (You acquired it on level 2 of the Dungeon)

   [ring of strength]

   Str:       It affects your strength (+6).
   Slay:      It affects your accuracy & damage with ranged weapons and melee
   (+5).
   rC:        It makes you vulnerable to cold.
   +Blink:    It lets you blink.
Wands
 n - a wand of flame (25)
Scrolls
 c - a scroll of fear {unknown}
 d - 2 scrolls of noise {unknown}
 f - a scroll of brand weapon {unknown}
 g - a scroll of vulnerability {unknown}
 k - a scroll of identify {unknown}
Potions
 b - a potion of magic
 i - a potion of curing {unknown}
 j - a potion of ambrosia {unknown}
 l - a potion of cancellation {unknown}
 o - a potion of attraction {unknown}


   Skills:
 - Level 1.7 Dodging
 - Level 1.7 Stealth
 + Level 3.0 Spellcasting
 + Level 4.5 Conjurations


You had 6 spell levels left.
You knew the following spells:

 Your Spells              Type           Power      Damage    Failure   Level
a - Magic Dart            Conj           100%       1d8       1%          1
b - Searing Ray           Conj           50%        2d6       2%          2

Your spell library contained the following spells:

 Spells                   Type           Power      Damage    Failure   Level
 Sandblast                Erth           6%         2d5       11%         1
 Dazzling Flash           Conj/Hex       28%        N/A       13%         3
 Stone Arrow              Conj/Erth      28%        3d8       13%         3
 Passwall                 Tmut/Erth      2%         N/A       16%         2
 Fulminant Prism          Conj/Hex       7%         3d6       38%         4
 Iskenderun's Mystic Bla  Conj/Tloc      14%        2d5       38%         4


Dungeon Overview and Level Annotations

Branches:
Dungeon (2/15)


Innate Abilities, Weirdness & Mutations

You have an increased reservoir of magic. (+10% MP)
You shall have no god before yourself.
Your divine heritage dramatically boosts your attributes as you level up.


Message History

You kill the goblin!
Things that are here:
a +0 dagger; a goblin corpse A quokka comes into view.
The magic dart hits the quokka!
You kill the quokka!
m - 4 scrolls labelled CYEFEGG KASOI (gained 1)
Found a pair of gloves.
You can't see any susceptible monsters within range! (Use Z to cast anyway.)
You now have 67 gold pieces (gained 5).
You reach down and open the door.
Found a gnoll skeleton.
You can't see any susceptible monsters within range! (Use Z to cast anyway.)
Found a gnoll skeleton.
There is an open door here.
As you open the door, it creaks loudly!
Found a faded altar of an unknown god.
You can't see any susceptible monsters within range! (Use Z to cast anyway.)
There is an open door here.
There is an open door here.
There is an open door here.
Found an ancient bone altar of Kikubaaqudgha.
o - a grey potion Done exploring.
You can't see any susceptible monsters within range! (Use Z to cast anyway.) Done exploring.
You can't see any susceptible monsters within range! (Use Z to cast anyway.) Done exploring.
Okay, then.
This is a scroll of acquirement!
Something appears at your feet!
You now have 1347 gold pieces (gained 1280).
Something appears at your feet!
p - the +2 cloak "Fegievie" {+Inv rN+ Regen+ Int+2} Something appears at your feet!
Okay, then.
q - the ring "Wiwioq" {+Blink rC- Str+6 Slay+5}
There are no items here.
Something appears at your feet!
Are you sure you want to abandon this character and quit the game? (Confirm with "yes".)

..#
#........รท#
###
#.........#
#
#.........#
#.........#
#.>.......#
#.........#
#...._....#
###.....#.#
#.@.....#
##.....##
#######


There were no monsters in sight!

Vanquished Creatures
  Terence (D:2)
  2 adders (D:2)
  A dart slug (D:1)
  2 endoplasms
  4 giant cockroaches
  3 goblins
  5 hobgoblins
  3 quokkas
  8 ball pythons
  8 bats
  A frilled lizard (D:1)
  A kobold (D:1)
  5 rats
44 creatures vanquished.

Notes
Turn   | Place    | Note
-------+----------+-------------------------------------------
     0 | D:1      | McKennaii the Demigod Conjurer began the quest for the Orb.
     0 | D:1      | Reached XP level 1. HP: 14/14 MP: 5/5
   285 | D:1      | Reached XP level 2. HP: 16/20 MP: 1/7
   474 | D:1      | Reached skill level 4 in Conjurations
   997 | D:2      | Reached XP level 3. HP: 26/26 MP: 5/9
  1011 | D:2      | Learned a level 2 spell: Searing Ray
  1229 | D:2      | Noticed Terence
  1241 | D:2      | Killed Terence
  1242 | D:2      | Reached XP level 4. HP: 5/33 MP: 0/11
  1673 | D:2      | Identified 4 scrolls of acquirement
  1673 | D:2      | Acquired 1280 gold pieces
  1675 | D:2      | Acquired the +2 cloak "Fegievie" {+Inv rN+ Regen+ Int+2}
  1677 | D:2      | Acquired the ring "Wiwioq" {+Blink rC- Str+6 Slay+5}
  1679 | D:2      | Acquired the +6 Majin-Bo {spellvamp, MP+6 Int+6}
  1679 | D:2      | Found the +6 Majin-Bo {spellvamp, MP+6 Int+6}
  1680 | D:2      | Quit the game

Illustrated notes

Levels and vault maps discovered:
D:1:      wander_arrival_chamber, layout_basic, kennysheep_boxes
D:2:      layout_rooms, dilly_ecumenical_altar_fadedgnrine, basic_altar,
          uniq_terence

Skill      XL: |  1  2  3 |
---------------+----------+-----
Spellcasting   | 2 3 |  3.0
Conjurations   | 4 |  4.5
Dodging        | |  1.7
Stealth        | |  1.7

Action                     |  1- 3 |  4- 6 || total
---------------------------+-------+-------++-------
  Melee: Unarmed           |     1 |       ||     1
         War axe           |     9 |       ||     9
   Cast: Magic Dart        |    58 |     7 ||    65
         Searing Ray       |     2 |     1 ||     3
    Use: Scroll            |       |     4 ||     4
 Armour: Robe              |     7 |       ||     7
  Dodge: Dodged            |    23 |       ||    23
